 Dungeon Crawl Stone Soup version 0.23-a0-419-g0174fd80c1 (webtiles) character file.

20562 Notair the Impaler (level 12, 0/113 HPs)
             Began as a Minotaur Gladiator on Nov 13, 2018.
             Was the Champion of Okawaru.
             Shot with an arrow by Nessos (22 damage)
             ... on level 13 of the Dungeon.
             The game lasted 00:46:49 (14207 turns).

Notair the Impaler (Minotaur Gladiator)            Turns: 14207, Time: 00:46:49

Health: 0/113      AC: 17    Str: 24    XL:     12   Next: 46%
Magic:  0/11       EV:  9    Int: 15    God:    Okawaru [******]
Gold:   379        SH:  0    Dex: 12    Spells: 11/11 levels left

rFire    . . .     SeeInvis .   F - +0 halberd
rCold    . . .     Gourm    .   (shield currently unavailable)
rNeg     + . .     Faith    .   U - +0 plate armour
rPois    +         Spirit   +   c - +0 hat
rElec    .         Reflect  .   (no cloak)
rCorr    .         Harm     .   T - +0 pair of gloves "Aclue" {rPois Str+4}
MR       .....                  (no boots)
Stlth    ..........             P - amulet of guardian spirit
HPRegen  0.28/turn              O - +2 ring of slaying
MPRegen  0.12/turn              J - ring "Uriocij" {rN+ Int+6}

@: lethally poisoned (0 -> -6)
A: retaliatory headbutt, horns 2
a: Heroism, Finesse, Renounce Religion


You were on level 13 of the Dungeon.
You worshipped Okawaru.
Okawaru was exalted by your worship.
You were very hungry.

You visited 2 branches of the dungeon, and saw 14 of its levels.

You collected 664 gold pieces.
You spent 285 gold pieces at shops.

Inventory:

Hand Weapons
 a - a +0 trident
 F - a +0 halberd (weapon)
 I - a cursed +4 trident of freezing
 Y - a +0 hand crossbow
Missiles
 d - 3 throwing nets (quivered)
 h - 402 stones
 j - 70 bolts
 r - 6 needles of confusion
 w - 134 sling bullets
 C - 12 poisoned needles
 M - 6 curare-tipped needles
Armour
 c - a +0 hat (worn)
 T - the +0 pair of gloves "Aclue" (worn) {rPois Str+4}
   (You bought it in a shop on level 9 of the Dungeon)

   It affects your strength (+4).
   It protects you from poison.
 U - a +0 plate armour (worn)
 Z - a +0 pair of boots of stealth
Jewellery
 y - an uncursed ring of protection from fire
 J - the ring "Uriocij" (right hand) {rN+ Int+6}
   (You found it on level 7 of the Dungeon)

   [ring of intelligence]

   It affects your intelligence (+6).
   It protects you from negative energy.
 O - a +2 ring of slaying (left hand)
 P - an amulet of guardian spirit (around neck)
Wands
 b - a wand of clouds (6)
 l - a wand of enslavement (8)
 o - a wand of acid (8)
 u - a wand of random effects (12)
 D - a wand of disintegration (10)
 S - a wand of flame (21)
Scrolls
 n - 2 scrolls of fog
 p - 7 scrolls of identify
 s - 12 scrolls of teleportation
 v - a scroll of random uselessness {unknown}
 z - a scroll of immolation {unknown}
 A - 4 scrolls of magic mapping
 B - 4 scrolls of amnesia
 G - a scroll of holy word
 H - a scroll of noise {unknown}
 K - 2 scrolls of enchant armour {unknown}
 L - 4 scrolls of blinking {unknown}
 N - 2 scrolls of brand weapon {unknown}
 W - a scroll of remove curse
Potions
 e - 2 potions of lignification {unknown}
 g - 2 potions of flight
 i - 3 potions of agility
 k - 2 potions of heal wounds
 m - a potion of ambrosia {unknown}
 q - 8 potions of curing
 t - 3 potions of berserk rage
 x - 2 potions of magic {unknown}
 E - 4 potions of degeneration {unknown}
 Q - a potion of brilliance {unknown}
 V - 3 potions of haste
 X - a potion of mutation {unknown}
Miscellaneous
 R - a phial of floods
Comestibles
 f - 17 rations


   Skills:
 + Level 12.4 Fighting
 * Level 16.8 Polearms
 - Level 2.0 Throwing
 + Level 12.2 Armour
 - Level 3.2 Dodging
 + Level 0.7 Invocations


You had 11 spell levels left.
You didn't know any spells.
Your spell library contained the following spells:

 Spells                   Type           Power        Failure   Level  Hunger
 Animate Skeleton         Necr           N/A          95%         1    ##.....
 Apportation              Tloc           #.....       95%         1    ##.....
 Confusing Touch          Hex            #.....       95%         1    ##.....
 Pain                     Necr           #...         95%         1    ##.....
 Sandblast                Erth           #.....       95%         1    ##.....
 Shock                    Conj/Air       #...         95%         1    ##.....
 Summon Small Mammal      Summ           #...         95%         1    ##.....
 Passwall                 Tmut/Erth      #.......     98%         2    ###....
 Sublimation of Blood     Necr           #.........   98%         2    ###....
 Swiftness                Chrm/Air       #.......     98%         2    ###....
 Ignite Poison            Fire/Tmut/Pois #.......     100%        3    ####...
 Regeneration             Chrm/Necr      #.........   100%        3    ####...
 Static Discharge         Conj/Air       #.......     100%        3    ####...
 Stone Arrow              Conj/Erth      #.....       100%        3    ####...
 Vampiric Draining        Necr           #.........   100%        3    ####...
 Airstrike                Air            #.........   100%        4    #####..
 Animate Dead             Necr           N/A          100%        4    #####..
 Petrify                  Tmut/Erth      #.......     100%        4    #####..
 Alistair's Intoxication  Tmut/Pois      #.......     100%        5    ######.
 Irradiate                Conj/Tmut      #.........   100%        5    ######.
 Lee's Rapid Deconstruct  Erth           #.........   100%        5    ######.
 Lightning Bolt           Conj/Air       #.........   100%        5    ######.


Dungeon Overview and Level Annotations

Branches:
Dungeon (13/15)            Temple (1/1) D:5            Lair (0/6) D:8
    Orc (0/2) D:12         Vaults (0/5) D:13

Altars:
Ashenzari
Cheibriados
Dithmenos
Elyvilon
Fedhas
Gozag
Hepliaklqana
Kikubaaqudgha
Makhleb
Nemelex Xobeh
Okawaru
Qazlal
Ru
Trog
Uskayaw
Vehumet
Wu Jian
Xom
Zin
The Shining One
Beogh

Shops:
D:9 [%[   D:13 (

Annotations:
D:13 Nessos


Innate Abilities, Weirdness & Mutations

You reflexively headbutt those who attack you in melee.
You have a pair of horns on your head.


Message History

You see here 2 arrows.
You feel sick.
Nessos shoots an arrow.
The arrow hits you! The arrow burns you.
* * * LOW HITPOINT WARNING * * *
Nessos shoots an arrow.
The arrow hits you!!
* * * LOW HITPOINT WARNING * * *
The arrow burns you!
* * * LOW HITPOINT WARNING * * *
You see here an arrow.
You feel much better.
You feel sick.
Nessos shoots an arrow.
The arrow hits you!
* * * LOW HITPOINT WARNING * * *
The arrow burns you.
* * * LOW HITPOINT WARNING * * *
Nessos shoots an arrow.
The arrow closely misses you.
Evoke which item? (* to show all) (? for menu, Esc to quit)
Aiming: Cloud Cone
Press: ? - help, Dir - move target cursor, p - Nessos You create a blast of noxious fumes!
You feel sick.
Nessos blinks!
Nessos shoots an arrow.
The arrow hits you!!
You die...

..#.#............#..#
..#.#............#..##
..#.#)........c..#...#
..#.#.........§###.(##
..#.#....<∩....§§§..#
..#......><....§§§..#
..#............#§...#
..#............#§...#
..#............#@...#
###............#.(..#
...............#.(.(######
.........................#
..###..............(.....#
..# ######################
..# ..# ..#


You could see Nessos.

Vanquished Creatures
  A hydra (D:11)
  2 two-headed ogres
  A centaur warrior (D:13)
  Urug (D:12)
  An orc knight (D:13)
  2 ugly things
  A manticore (D:12)
  2 cyclopes
  A gargoyle (D:13)
  3 trolls
  A hornet (D:13)
  A hippogriff (D:10)
  A shadow (D:13)
  A wyvern (D:7)
  16 humans (D:13)
  22 yaks
  2 hungry ghosts
  4 vampire mosquitoes (D:12)
  An acid dragon (D:12)
  6 ice beasts
  A black bear (D:10)
  4 orc warriors
  7 sky beasts
  A phantom (D:6)
  2 necrophages
  4 ogres
  A crocodile (D:10)
  5 centaurs
  7 bullfrogs
  A gnoll sergeant (D:9)
  6 scorpions
  6 howler monkeys
  4 wights
  4 crimson imps
  4 bullfrog zombies
  A quasit (D:5)
  3 centaur zombies (D:11)
  13 orc wizards
  5 hounds
  3 jellies
  2 bullfrog skeletons
  3 orc priests
  3 centaur skeletons
  3 iron imps (D:8)
  3 iguanas
  Natasha (thrice) (D:2)
  9 worker ants
  A hound zombie (D:6)
  A mummy (D:10)
  4 worker ant zombies
  A howler monkey zombie (D:8)
  A howler monkey skeleton (D:11)
  11 adders
  12 gnolls
  3 shadow imps
  An ooze (D:3)
  An adder skeleton (D:8)
  An adder zombie (D:5)
  A worm (D:5)
  2 dart slugs (D:1)
  3 leopard geckos
  75 orcs
  A ball python (D:2)
  8 bats
  7 giant cockroaches
  9 goblins
  7 hobgoblins
  2 jackals (D:6)
  7 kobolds
  6 quokkas
  4 frilled lizards
  A jackal skeleton (D:5)
  A leopard gecko skeleton (D:4)
  A leopard gecko zombie (D:5)
  6 rats
  2 butterflies (D:2)
358 creatures vanquished.

Vanquished Creatures (others)
  5 plants (D:4)
  2 withered plants (D:11)
7 creatures vanquished.

Grand Total: 365 creatures vanquished

Notes
Turn   | Place    | Note
-------+----------+-------------------------------------------
     0 | D:1      | Notair the Minotaur Gladiator began the quest for the Orb.
     0 | D:1      | Reached XP level 1. HP: 18/18 MP: 0/0
    54 | D:1      | Reached skill level 4 in Polearms
    54 | D:1      | Reached XP level 2. HP: 25/25 MP: 1/1
    84 | D:1      | Reached skill level 1 in Armour
   628 | D:2      | Reached XP level 3. HP: 22/31 MP: 2/2
   683 | D:2      | Noticed a bullfrog
   689 | D:2      | Killed a bullfrog
   689 | D:2      | Reached skill level 5 in Polearms
   689 | D:2      | Reached XP level 4. HP: 17/38 MP: 3/3
   876 | D:2      | Found a shimmering altar of Xom.
  1048 | D:2      | Found a hazy altar of Hepliaklqana.
  1145 | D:2      | Noticed Natasha
  1151 | D:2      | Killed Natasha
  1214 | D:2      | Reached XP level 5. HP: 46/46 MP: 4/4
  1230 | D:2      | Noticed Natasha
  1237 | D:2      | Killed Natasha
  1379 | D:2      | Noticed Natasha
  1390 | D:2      | Killed Natasha
  1517 | D:3      | Found a stormy altar of Qazlal.
  1657 | D:3      | Reached skill level 6 in Polearms
  1953 | D:3      | Reached XP level 6. HP: 52/52 MP: 5/5
  2873 | D:4      | Reached skill level 7 in Polearms
  3079 | D:4      | Found a stormy altar of Qazlal.
  3100 | D:4      | Found a sacrificial altar of Ru.
  3339 | D:4      | Reached XP level 7. HP: 38/60 MP: 6/6
  3362 | D:4      | Reached skill level 5 in Fighting
  3549 | D:5      | Entered Level 5 of the Dungeon
  3569 | D:5      | Found a staircase to the Ecumenical Temple.
  3579 | Temple   | Entered the Ecumenical Temple
  3695 | Temple   | Became a worshipper of Warmaster Okawaru
  3726 | D:5      | Found an ancient bone altar of Kikubaaqudgha.
  3803 | D:5      | Found a runed door.
  4017 | D:5      | Reached skill level 8 in Polearms
  4147 | D:5      | Found a bloodstained altar of Trog.
  4188 | D:5      | Found a white marble altar of Elyvilon.
  4199 | D:5      | Reached skill level 5 in Armour
  4203 | D:5      | Found a blossoming altar of Fedhas.
  4649 | D:5      | Reached * piety under Okawaru
  4649 | D:5      | Reached XP level 8. HP: 63/70 MP: 7/7
  4826 | D:5      | Found a roughly hewn altar of Beogh.
  4892 | D:6      | Reached skill level 9 in Polearms
  5320 | D:6      | Reached ** piety under Okawaru
  5329 | D:6      | Found a sparkling altar of Nemelex Xobeh.
  5652 | D:7      | Reached skill level 10 in Polearms
  5936 | D:7      | Noticed a troll
  5950 | D:7      | Killed a troll
  5950 | D:7      | Reached XP level 9. HP: 33/79 MP: 3/8
  6171 | D:7      | Got a glittering bone ring
  6172 | D:7      | Identified the ring "Uriocij" {rN+ Int+6} (You found it on
                  | level 7 of the Dungeon)
  6423 | D:7      | Reached skill level 11 in Polearms
  6865 | D:8      | Reached *** piety under Okawaru
  7242 | D:8      | Found a staircase to the Lair.
  7591 | D:8      | Found a burning altar of Makhleb.
  7794 | D:9      | Reached skill level 12 in Polearms
  7826 | D:9      | Found Rynwaec's Armour Boutique.
  8036 | D:9      | Reached XP level 10. HP: 87/89 MP: 9/9
  8053 | D:9      | Reached **** piety under Okawaru
  8275 | D:9      | Found Vahujuom's Food Shop.
  8643 | D:9      | Found Hishey's Antique Armour Shoppe.
  8650 | D:9      | Bought a pair of twisted gloves for 285 gold pieces
  8655 | D:9      | Identified the +0 pair of gloves "Aclue" {rPois Str+4} (You
                  | bought it in a shop on level 9 of the Dungeon)
  8682 | D:10     | Entered Level 10 of the Dungeon
  8969 | D:10     | Reached skill level 13 in Polearms
  9135 | D:10     | Reached ***** piety under Okawaru
  9548 | D:11     | Noticed a purple ugly thing
  9552 | D:11     | Noticed a cyclops
  9559 | D:11     | Reached skill level 10 in Fighting
  9565 | D:11     | Killed a purple ugly thing
  9573 | D:11     | Killed a cyclops
  9573 | D:11     | Reached skill level 14 in Polearms
  9573 | D:11     | Reached skill level 10 in Armour
 10000 | D:11     | Reached XP level 11. HP: 85/100 MP: 10/10
 10564 | D:11     | Reached ****** piety under Okawaru
 10809 | D:11     | Received a gift from Okawaru
 10881 | D:11     | Noticed a five-headed hydra
 10893 | D:11     | Killed a five-headed hydra
 10893 | D:11     | Reached skill level 15 in Polearms
 11186 | D:12     | Found a staircase to the Orcish Mines.
 11809 | D:12     | Noticed Urug
 11826 | D:12     | Killed Urug
 12160 | D:12     | Noticed a white ugly thing
 12180 | D:12     | Killed a white ugly thing
 12386 | D:12     | Noticed a two-headed ogre
 12395 | D:12     | Killed a two-headed ogre
 12813 | D:12     | Reached XP level 12. HP: 93/111 MP: 5/11
 12813 | D:12     | Reached skill level 16 in Polearms
 13227 | D:13     | Found a gate to the Vaults.
 13227 | D:13     | Noticed a centaur warrior
 13241 | D:13     | Killed a centaur warrior
 13267 | D:13     | Noticed a two-headed ogre
 13274 | D:13     | Killed a two-headed ogre
 13580 | D:13     | Received a gift from Okawaru
 13919 | D:13     | Found Woariof Idyrph's Weapon Boutique.
 14194 | D:13     | Noticed Nessos
 14205 | D:13     | HP: 4/112 [Nessos/arrow (7)]
 14207 | D:13     | Shot with an arrow by Nessos

Vault maps used:
D:1:      lemuel_arrival_river_ford, minmay_box_of_dots
D:2:      xom_butterflies, nicolae_overflow_crystal_walls, uniq_natasha
D:3:      nicolae_qazlal_general_emergency
D:4:      kennysheep_mini, lemuel_round_altar, serial_bayou,
          serial_bayou_crossing, serial_bayou_lake_a, serial_bayou_pond_d,
          serial_bayou_lagoon_a, serial_bayou_shore_b, first_ration
D:5:      lemuel_crystal_altar, grunt_temple_overflow_open,
          kennysheep_little_box, minmay_temple_entry_crystal_x,
          minmay_misc_feat_room, lightli_church_of_beogh
D:6:      lemuel_round_altar, serial_bayou_pond_d
D:7:      minmay_blocky_corners
D:8:      demons_altar, lair_entry_dummy
D:9:      serial_shops, nicolae_shop_temple_entry_statues_fountains,
          nicolae_shop_trees, nicolae_shop_stone
D:11:     serial_undead, serial_undead_e, serial_undead_c, serial_undead_f,
          serial_undead_b
D:12:     orc_david_3, uniq_urug
D:13:     david_vaults_3, serial_shops, shop, hangedman_pestilent_swarm,
          uniq_nessos
Temple:   hc_temple_tempest_star

Skill      XL: |  1  2  3  4  5  6  7  8  9 10 11 12 |
---------------+-------------------------------------+-----
Polearms       | 4 5 6 7 8 10 12 14 15 16 | 16.8
Armour         | 1 2 3 4 5 7 8 10 11 12 | 12.2
Fighting       | 3 4 5 7 8 10 11 12 | 12.4
Throwing       | |  2.0
Dodging        | |  3.2
Invocations    | |  0.7

Action                   |  1- 3 |  4- 6 |  7- 9 | 10-12 || total
-------------------------+-------+-------+-------+-------++-------
Melee: Trident           |    42 |   216 |       |     4 ||   262
       Headbutt          |     5 |    25 |    57 |   100 ||   187
       Halberd           |       |       |   427 |   527 ||   954
Throw: Throwing net      |       |       |       |     1 ||     1
Invok: Heroism           |       |       |     2 |     5 ||     7
Evoke: Wand              |       |       |     1 |     1 ||     2
  Use: Scroll            |       |       |    12 |     2 ||    14
       Potion            |       |       |       |     1 ||     1
 Stab: Sleeping          |       |     1 |       |       ||     1
       Confused          |       |       |     1 |       ||     1
       Held in net/web   |       |       |       |     1 ||     1
  Eat: Chunk             |       |     7 |    16 |    15 ||    38
       Ration            |       |       |       |     2 ||     2
Armor: Leather armour    |     6 |    34 |       |       ||    40
       Chain mail        |       |     4 |   173 |   135 ||   312
       Plate armour      |       |       |       |    85 ||    85
Dodge: Dodged            |    25 |    95 |   136 |   193 ||   449

Table legend:
 A = Non-vault XP
 B = Vault XP
 C = Vault XP percentage of total XP
 D = Non-vault monster count
 E = Vault monster count
 F = Vault count percentage of total count
                 A         B        C        D         E       F
            +---------+---------+-------+---------+---------+-------
      Total |   20238 |    9137 |  31.1 |     281 |      75 |  21.1
            +---------+---------+-------+---------+---------+-------
        D:1 |      23 |       8 |  25.8 |      13 |       3 |  18.8
        D:2 |     210 |      33 |  13.6 |      24 |       1 |   4.0
        D:3 |     144 |       0 |   0.0 |      30 |       0 |   0.0
        D:4 |     331 |       0 |   0.0 |      22 |       0 |   0.0
        D:5 |     551 |     222 |  28.7 |      20 |      25 |  55.6
        D:6 |     775 |       0 |   0.0 |      22 |       0 |   0.0
        D:7 |     527 |     746 |  58.6 |      14 |       6 |  30.0
        D:8 |     881 |     118 |  11.8 |      20 |       3 |  13.0
        D:9 |    1932 |       0 |   0.0 |      29 |       0 |   0.0
       D:10 |    1913 |      77 |   3.9 |      19 |       2 |   9.5
       D:11 |    6141 |    1156 |  15.8 |      34 |       7 |  17.1
       D:12 |    5275 |     978 |  15.6 |      26 |       8 |  23.5
       D:13 |    1535 |    5799 |  79.1 |       8 |      20 |  71.4
            +---------+---------+-------+---------+---------+-------
